 Dungeon Crawl Stone Soup version 0.31.0-12-g77e489cdc1 (webtiles) character file.

Game seed: 17054686859348621734

2935 monsoonserge the Slicer (level 8, -8/45 HPs)
             Began as a Spriggan Delver on Feb 22, 2024.
             Was a Priest of Ru.
             Succumbed to Grum's poison
             ... on level 7 of the Dungeon.
             The game lasted 00:17:46 (6441 turns).

monsoonserge the Slicer (Spriggan Delver)           Turns: 6441, Time: 00:17:49

Health: -8/45      AC:  6    Str: 16    XL:     8   Next: 51%
Magic:  2/9        EV: 23    Int: 11    God:    Ru [***...]
Gold:   398        SH:  0    Dex: 19    Spells: 7/7 levels left

rFire   + . .        s - +9 dagger "Dudaumif" {heavy, *Noise ^Fragile rC+++ Str+8}
rCold   + + +        (no shield)
rNeg    . . .        z - +0 steam dragon scales
rPois   .            (helmet restricted)
rElec   .            F - +0 cloak
rCorr   +            (gloves unavailable)
SInv    +            (boots unavailable)
Will    +....        t - amulet of guardian spirit
Stlth   ++++         w - ring of resist corrosion
HPRegen 0.27/turn    C - ring of protection from fire
MPRegen 0.11/turn

%: guardian spirit
@: lethally poisoned (-8 -> -57), very quick
A: very small, no large weapons, unfitting armour, see invisible, speed 3,
inability to train armour, inexperienced 1
a: Renounce Religion, Draw Out Power


You were on level 7 of the Dungeon.
You worshipped Ru.
Ru was most pleased with you.
You visited 2 branches of the dungeon, and saw 9 of its levels.

You collected 398 gold pieces.

Inventory:

Hand Weapons
 s - the +9 dagger "Dudaumif" (weapon) {heavy, *Noise ^Fragile rC+++ Str+8}
   (You found it on level 2 of the Dungeon)

   Str+8:     It affects your strength (+8).
   rC+++:     It renders you almost immune to cold.
   *Noise:    It may make a loud noise when swung.
   ^Fragile:  It will be destroyed if unequipped.
 y - a +4 sling of draining
Missiles
 l - 17 poisoned darts (quivered)
 v - 2 throwing nets
 B - 2 boomerangs
Armour
 z - +0 steam dragon scales (worn)
 F - a +0 cloak (worn)
Jewellery
 j - a ring of fire
 t - an amulet of guardian spirit (around neck)
 w - a ring of resist corrosion (left hand)
 C - a ring of protection from fire (right hand)
Wands
 b - a wand of flame (20)
 g - a wand of digging (8)
 k - a wand of paralysis (11)
 D - a wand of mindburst (19)
 H - a wand of polymorph (14)
Scrolls
 a - a scroll of enchant weapon {unknown}
 c - 2 scrolls of fog
 d - 4 scrolls of revelation
 e - 3 scrolls of fear
 m - a scroll of noise {unknown}
 n - a scroll of summoning {unknown}
 o - 4 scrolls of immolation {unknown}
 x - 2 scrolls of teleportation
 A - a scroll of torment {unknown}
 E - 2 scrolls of amnesia {unknown}
 G - a scroll of poison {unknown}
Potions
 f - 5 potions of haste
 h - 2 potions of mutation
 i - a potion of heal wounds {unknown}
 p - 2 potions of berserk rage
 q - 2 potions of cancellation
 r - a potion of brilliance {unknown}
 u - a potion of enlightenment {unknown}


   Skills:
 + Level 6.3 Fighting
 - Level 10.0 Short Blades
 + Level 0.4 Throwing
 + Level 8.2 Dodging
 - Level 9.0 Stealth


You had 7 spell levels left.
You didn't know any spells.
Your spell library contained the following spells:

 Spells                   Type           Power      Damage    Failure   Level
 Apportation              Tloc           0%         N/A       34%         1
 Necrotise                Necr           0%         1d4       34%         1
 Sting                    Conj/Alch      0%         1d3       34%         1
 Summon Small Mammal      Summ           0%         N/A       34%         1
 Animate Dead             Necr           0%         N/A       98%         4
 Borgnjor's Vile Clutch   Necr/Erth      0%         N/A       100%        5
 Death Channel            Necr           0%         N/A       100%        6
 Sculpt Simulacrum        Ice/Alch       0%         N/A       100%        6
 Ozocubu's Refrigeration  Ice            0%         4d7       100%        7
 Polar Vortex             Ice            0%         N/A       100%        9


Dungeon Overview and Level Annotations

Branches:
Dungeon (8/15)             Temple (1/1) D:5
   Lair: D:8-11

Altars:
Ashenzari
Cheibriados
Dithmenos
Elyvilon
Fedhas
Gozag
Hepliaklqana
Kikubaaqudgha
Makhleb
Nemelex Xobeh
Okawaru
Qazlal
Ru
Sif Muna
Trog
Uskayaw
Vehumet
Wu Jian
Xom
Yredelemnul
Zin
The Shining One

Shops:
D:4 *

Annotations:
D:4 Edmund
D:5 exclusions: centaur and 1 more exclusion
D:8 1 runed translucent door, Grum


Innate Abilities, Weirdness & Mutations

You are very small and have problems with some larger weapons.
You are too small for most types of armour.
You have supernaturally acute eyesight. (SInv)
You cover ground extremely quickly. (Speed+++)
You cannot train Armour skill.
You are somewhat inexperienced. (-1 XL)


Message History

Items here: )) [[ ††.
Things that are here:
a +0 mace; an orc corpse
Items here: )) [[ ††.
Items here: )) [ †.
Items here: )) [[ ††.
Grum the Hunter comes into view.
He is wielding a +0 glaive of venom.
A wolf comes into view. x2
Press: ? - help, v - describe, . - travel
Here: Grum, wielding a +0 glaive of venom and wearing a +0 animal skin The floor.
Items here: )) [[ ††.
Things that are here:
a +0 mace; an orc corpse The bullfrog gives a loud, deep croak!
There is a stone staircase leading up here.
You start resting.
Grum is nearby!
You climb upwards.
There is a stone staircase leading down here.
You start resting.
HP restored.
You climb downwards.
Level annotation: 1 runed translucent door, Grum Grum closely misses you.
There is a stone staircase leading up here.
Grum misses you.
You hit Grum.
Grum is lightly wounded.
Grum hits you with a +0 glaive of venom!!
You are poisoned.
You feel very sick.
There is a stone staircase leading up here.
You feel very sick.
Grum hits you from afar with a +0 glaive of venom!!
* * * LOW HITPOINT WARNING * * *
You are more poisoned.
The wolf howls!
You climb upwards.
You die...

##########
#....<...#
####
#........#
##...
#.@......#
##....
#.......>#
#.....
#........#
#.....
#........#
#....<
####.#####
##.... #.#
##.... #.#
#..... #.#
###.....
#######.##
####.......


There were no monsters in sight!

Vanquished Creatures
  A cyclops (D:6)
  A steam dragon (D:7)
  4 water moccasins
  An orc warrior (D:6)
  An ice beast (D:5)
  3 black bears (D:6)
  A centaur (D:5)
  A bullfrog (D:6)
  3 scorpions
  4 wights
  5 killer bees (D:7)
  5 hounds
  A gnoll bouda (D:7)
  A jelly (D:6)
  5 orc priests
  3 sleepcaps
  3 iguanas
  Natasha (thrice) (D:2)
  An orc wizard (D:5)
  6 gnolls
  10 adders
  A white imp (D:7)
  A ribbon worm (D:2)
  12 orcs
  6 ball pythons
  5 bats
  10 endoplasms
  2 giant cockroaches
  9 goblins
  8 hobgoblins
  2 quokkas (D:1)
  4 frilled lizards
  6 kobolds
  7 rats
136 creatures vanquished.

Notes
Turn   | Place    | Note
-------+----------+-------------------------------------------
     0 | D:5      | monsoonserge the Spriggan Delver began the quest for the
                  | Orb.
     0 | D:5      | Reached XP level 1. HP: 11/11 MP: 2/2
    15 | D:5      | Noticed an orc priest
    27 | D:5      | Found a sacrificial altar of Ru.
    27 | D:5      | Found a radiant altar of Vehumet.
    31 | D:5      | Became a worshipper of Ru the Awakened
    56 | D:4      | Noticed a sleepcap
   144 | D:2      | Noticed Natasha
   147 | D:2      | Killed Natasha
   148 | D:2      | Reached XP level 2. HP: 16/16 MP: 3/3
   185 | D:2      | Reached XP level 3. HP: 19/19 MP: 4/4
   371 | D:2      | Reached skill level 3 in Short Blades
   415 | D:2      | Found a faded altar of an unknown god.
   416 | D:2      | Noticed Natasha
   425 | D:2      | Killed Natasha
   426 | D:2      | Reached XP level 4. HP: 23/23 MP: 5/5
   711 | D:1      | Gained mutation: You cannot train Armour skill. [Ru
                  | sacrifice]
   711 | D:1      | Reached * piety under Ru
  1261 | D:2      | Reached skill level 4 in Short Blades
  1448 | D:2      | Noticed Natasha
  1477 | D:2      | Killed Natasha
  1478 | D:2      | Reached XP level 5. HP: 28/28 MP: 6/6
  1735 | D:2      | Identified the +9 dagger "Dudaumif" {heavy, *Noise ^Fragile
                  | rC+++ Str+8}
  1934 | D:3      | Found a sparkling altar of Nemelex Xobeh.
  2060 | D:3      | Found a snail-covered altar of Cheibriados.
  2391 | D:4      | Found Inojoah's Mayhem Merchandise.
  2400 | D:4      | Reached skill level 5 in Short Blades
  2580 | D:4      | Noticed Edmund
  2727 | D:5      | Reached XP level 6. HP: 32/32 MP: 7/7
  2766 | D:5      | Found a blossoming altar of Fedhas.
  2966 | D:5      | Noticed a water moccasin
  2976 | D:5      | Killed a water moccasin
  2977 | D:5      | Reached skill level 6 in Short Blades
  3087 | D:5      | Found a staircase to the Ecumenical Temple.
  3098 | Temple   | Entered the Ecumenical Temple
  3203 | D:5      | Noticed an ice beast
  3212 | D:5      | Killed an ice beast
  3268 | D:5      | Reached XP level 7. HP: 36/36 MP: 8/8
  3288 | D:4      | Reached skill level 7 in Short Blades
  3639 | D:5      | Reached skill level 8 in Short Blades
  3640 | D:5      | Gained mutation: You are somewhat inexperienced. (-1 XL)
                  | [Ru sacrifice]
  3640 | D:5      | Reached XP level 6. HP: 30/33 MP: 6/7
  3640 | D:5      | Reached ** piety under Ru
  3640 | D:5      | Reached *** piety under Ru
  3923 | D:6      | Reached XP level 7. HP: 37/37 MP: 8/8
  4199 | D:6      | Reached skill level 9 in Short Blades
  4412 | D:6      | Reached skill level 5 in Dodging
  4770 | D:6      | Noticed a cyclops
  4837 | D:6      | Killed a cyclops
  4838 | D:6      | Reached skill level 5 in Fighting
  4838 | D:6      | Reached skill level 10 in Short Blades
  4848 | D:6      | Reached XP level 8. HP: 42/43 MP: 9/9
  5407 | D:7      | Found a broken altar of Ashenzari.
  5536 | D:7      | Found a bloodstained altar of Trog.
  6327 | D:8      | Found a runed translucent door.
  6362 | D:8      | Noticed Grum
  6441 | D:7      | Succumbed to Grum's poison

Illustrated notes

Levels and vault maps discovered:
D:1:      dpeg_arrival_tiny_k, layout_basic, minivault_19,
          kennysheep_decorative_pillar
D:2:      layout_loops_ring, hellmonk_ecumenical_altar_lost_god, minivault_26,
          minmay_crystal_room, wad_floor_pattern_2, hex_medium,
          serial_bayou_pond_d, minmay_puff, uniq_natasha
D:3:      layout_rooms, nemelex_xobeh_ov_fountains_minmay,
          mainiacjoe_overflow_boulevard
D:4:      layout_loops_cross, minmay_shop_mayhem, uniq_edmund
D:5:      layout_rooms, fedhas_bush_and_centaur_altar,
          mainiacjoe_overflow_divided_tiny, minmay_temple_entry_glassed_door,
          nrook_pool_corridor
D:6:      minmay_chambers_of_fours, layout_basic
D:7:      layout_rooms, mainiacjoe_overflow_large_starburst
D:8:      cheibrodos_histonic, layout_basic, serial_curves, eino_curves_01,
          eino_curves_04, uniq_grum
Temple:   nicolae_temple_bog_church

Skill      XL: |  1  2  3  4  5  6  7  8 |
---------------+-------------------------+-----
Stealth        | 8 9 |  9.0
Short Blades   | 3 4 5 6 10 | 10.0
Dodging        | 3 4 6 8 |  8.2
Fighting       | 3 5 6 |  6.3
Throwing       | |  0.4

Action                     |  1- 3 |  4- 6 |  7- 9 || total
---------------------------+-------+-------+-------++-------
  Melee: Short sword       |    33 |   131 |       ||   164
         Dagger            |       |    95 |   179 ||   274
         Punch             |       |     1 |     1 ||     2
  Throw: Dart              |       |     1 |       ||     1
 Invoke: Sacrifice Durabil |       |     1 |       ||     1
         Sacrifice Experie |       |     1 |       ||     1
    Use: Scroll            |       |       |     4 ||     4
   Stab: Sleeping          |     9 |    10 |     8 ||    27
         Distracted        |     2 |     1 |     3 ||     6
 Armour: Robe              |     5 |    49 |    38 ||    92
         Steam dragon scal |       |       |    14 ||    14
  Dodge: Dodged            |    19 |   136 |   126 ||   281
